 Dungeon Crawl Stone Soup version 0.31-a0-714-g975ee84 (webtiles) character file.

Game seed: 216081728199575033

7757 BarneyGumball the Thaumaturge (level 11, -15/76 HPs)
             Began as a Djinni Fire Elementalist on Sept 9, 2023.
             Was a Priest of the Shining One.
             Demolished by an orc warlord
             ... wielding a +7 broad axe
              (29 damage)
             ... in a bailey.
             The game lasted 00:34:44 (6955 turns).

BarneyGumball the Thaumaturge (DjFE)                Turns: 6955, Time: 00:34:44

Health: -15/76     AC:  4    Str: 10    XL:     11   Next: 43%
Gold:   407        EV: 14    Int: 18    God:    the Shining One [***...] SH:  5 Dex: 13

rFire   + + +        F - +7 captain's cutlass {speed, disarm}
rCold   . . .        u - +0 buckler
rNeg    + + .        h - +0 leather armour {rF+}
rPois   ∞            (no helmet)
rElec   .            b - +0 cloak
rCorr   .            (no gloves)
SInv    .            (boots unavailable)
Will    ++...        t - amulet of regeneration
Stlth   +            E - ring of Lymetebi {Fly rC+ rN+ Str+3 Int-4}
HPRegen 1.12/turn    e - ring of willpower
MPRegen 0.00/turn

%: infuse magic (-16 HP)
@: flying, glowing
A: sickness immunity, fire resistance 2, cold vulnerability 1, float, innate
caster, HP casting, extra vitality 1
a: Renounce Religion, Divine Shield, Cleansing Flame


You were in a bailey.
You worshipped the Shining One.
The Shining One was most pleased with you.
You visited 1 branch of the dungeon, and saw 8 of its levels.
You also visited: Bailey.

You collected 497 gold pieces.
You spent 90 gold pieces at shops.

Inventory:

Hand Weapons
 s - a +2 short sword of venom
 F - the +7 captain's cutlass (weapon) {speed, disarm}
   (You took it off an orc wizard on level 8 of the Dungeon)
Missiles
 g - 18 poisoned darts
Armour
 a - a +0 robe
 b - a +0 cloak (worn)
 h - a +0 leather armour of fire resistance (worn)
 u - a +0 buckler (worn)
Jewellery
 e - a ring of willpower (right hand)
 f - an amulet of reflection
 m - a ring of wizardry
 n - a ring of fire
 t - an amulet of regeneration (around neck)
 x - a +4 ring of slaying
 E - the ring of Lymetebi (left hand) {Fly rC+ rN+ Str+3 Int-4}
   (You took it off a centaur on level 8 of the Dungeon)

   [ring of positive energy]

   Str+3:     It affects your strength (+3).
   Int-4:     It affects your intelligence (-4).
   rC+:       It protects you from cold.
   rN+:       It protects you from negative energy.
   Fly:       It grants you flight.
Wands
 y - a wand of mindburst (12)
 B - a wand of charming (7)
 C - a wand of acid (7)
 G - a wand of flame (13)
Scrolls
 c - a scroll of poison {unknown}
 j - 2 scrolls of enchant weapon
 k - 3 scrolls of fear
 l - a scroll of revelation
 p - 2 scrolls of vulnerability
 q - a scroll of butterflies {unknown}
 w - a scroll of teleportation
 z - a scroll of torment {unknown}
Potions
 d - 8 potions of curing
 i - 2 potions of brilliance
 o - a potion of attraction
 r - a potion of lignification
 v - a potion of enlightenment
 A - a potion of haste {unknown}
 D - a potion of berserk rage {unknown}


   Skills:
 + Level 6.1 Fighting
 - Level 2.4 Short Blades
 - Level 4.0 Armour
 + Level 8.0 Dodging
 - Level 1.5 Stealth
 - Level 4.0 Shields
 + Level 9.5 Spellcasting
 + Level 9.5 Conjurations
 + Level 9.5 Hexes
 + Level 9.5 Summonings
 + Level 9.5 Necromancy
 + Level 9.5 Translocations
 + Level 9.5 Transmutations
 + Level 9.5 Fire Magic
 + Level 9.5 Ice Magic
 + Level 9.5 Air Magic
 + Level 9.5 Earth Magic
 + Level 9.5 Poison Magic
 + Level 3.3 Invocations


You knew the following spells:

 Your Spells              Type           Power      Damage    Failure   Level
a - Foxfire               Conj/Fire      100%       2x1d9     1%          1
b - Scorch                Fire           84%        2d8       1%          2
c - Ozocubu's Armour      Ice            42%        N/A       1%          3
d - Inner Flame           Hex/Fire       42%        N/A       1%          3
e - Manifold Assault      Tloc           42%        N/A       3%          4
f - Apportation           Tloc           84%        N/A       1%          1
g - Ensorcelled Hibernat  Hex/Ice        84%        N/A       1%          2
h - Volatile Blastmotes   Fire/Tloc      84%        2d17      1%          3
i - Gell's Gravitas       Tloc           42%        N/A       1%          3
j - Flame Wave            Conj/Fire      42%        2d11      3%          4
Your spell library was empty.

Dungeon Overview and Level Annotations

Branches:
Dungeon (8/15)             Temple (0/1) D:7          Bailey (1/1)
   Lair: D:8-11

Altars:
Cheibriados
Elyvilon
Ru
Trog
Zin
The Shining One

Shops:
D:3 !   D:4 (


Innate Abilities, Weirdness & Mutations

You are immune to sickness and miasma.
You are immune to poison.
Your flesh is very heat resistant. (rF++)
You are vulnerable to cold. (rC-)
You float through the air rather than walking.
You learn spells naturally, not from books.
Your magical power is your life essence.
You have superior vitality. (+4 MHP)


Message History

You conjure some foxfire!
* * * LOW HITPOINT WARNING * * *
The foxfire hits the orc warlord!
Flame seeps out of the orc warlord.
The orc warlord is severely wounded.
The foxfire hits the orc warlord.
Flame seeps out of the orc warlord.
The orc warlord is severely wounded.
The orc warlord's inner flame fades away.
Things that are here:
a +0 war axe; a +0 leather armour
Items here: ))) [[[ ††.
There is an open door here.
Things that are here:
a +0 war axe; a +0 leather armour
Casting: Foxfire (safe; 1% risk of failure)
Confirm with . or Enter, or press ? or * to list all spells.
Aiming: Inner Flame (safe; 1% risk of failure)
Press: ? - help, Dir - move target, f/p - orc warlord
Aim: an orc warlord, wielding a +7 broad axe, wearing a +0 chain mail and wearing a +5 ring of evasion (severely wounded, haloed)
The orc warlord is filled with an inner flame.
The orc warlord completely misses you.
Casting: Inner Flame (safe; 1% risk of failure)
Confirm with . or Enter, or press ? or * to list all spells.
You conjure some foxfire!
The orc warlord hits you with a +7 broad axe!
* * * LOW HITPOINT WARNING * * *
The orc warlord hits your foxfire with a +7 broad axe!!
You hit the orc warlord.
Flame seeps out of the orc warlord.
The orc warlord is severely wounded.
The foxfire hits the orc warlord but does no damage.
The orc warlord is severely wounded.
The foxfire hits the orc warlord.
Flame seeps out of the orc warlord.
The orc warlord is severely wounded.
Casting: Foxfire (safe; 1% risk of failure)
Confirm with . or Enter, or press ? or * to list all spells.
You conjure some foxfire!
* * * LOW HITPOINT WARNING * * *
The orc warlord is engulfed in blazing flames.
Flame seeps out of the orc warlord.
The orc warlord hits you with a +7 broad axe!!
You die...

♣♣♣.♣♣♣♣ ###.#+#
♣♣....♣.♣###.....###
♣.......##.........##
♣.......#...........#
♣♣.......'...........#
♣...∩.∩..'.....⌠.....#
♣........'......))...#
♣........#.v.....)...#
♣♣.......##v@o...)..###
♣.....♣♣♣###.....###.###
♣♣♣...♣ ###.#)#.....###
# ♣♣♣♣♣ ###)))......###
#.))........#.
#...........#.
#.....⌠.....#)
#...........')
#..........)#.


You could see an orc warlord (inner flame, ally target).

Vanquished Creatures
  A centaur warrior (D:8)
  An orc knight (Bailey)
  A cyclops (D:8)
  2 ugly things (D:8)
  Maurice (D:8)
  Maggie (D:8)
  Psyche (D:8)
  A troll (D:8)
  Prince Ribbit (D:8)
  2 vampires
  2 wyverns
  Edmund (D:6)
  An acid dragon (D:6)
  2 water moccasins (D:7)
  9 orc warriors
  A sky beast (D:6)
  4 ice beasts
  An ogre (D:6)
  2 centaurs
  A phantom (D:5)
  A kobold brigand (D:8)
  2 bullfrogs (D:7)
  A gnoll sergeant (D:6)
  3 scorpions (D:5)
  4 wights (D:8)
  A howler monkey (D:6)
  4 hounds
  An orc priest (D:6)
  2 jellies
  A gnoll bouda (D:6)
  An iguana (D:6)
  Natasha (thrice) (D:4)
  11 orc wizards
  A sleepcap (D:7)
  Robin (D:3)
  8 gnolls (Bailey)
  11 adders
  A shadow imp (D:7)
  2 white imps
  An ufetubus (D:5)
  4 worms
  A dart slug (D:1)
  46 orcs
  9 endoplasms
  2 giant cockroaches
  23 goblins
  13 hobgoblins
  2 jackals (D:1)
  7 kobolds
  4 quokkas
  9 ball pythons
  5 bats
  2 frilled lizards (D:1)
  12 rats
235 creatures vanquished.

Vanquished Creatures (others)
  765 foxfires
765 creatures vanquished.

Grand Total: 1000 creatures vanquished

Notes
Turn   | Place    | Note
-------+----------+-------------------------------------------
     0 | D:1      | BarneyGumball the Djinni Fire Elementalist began the quest
                  | for the Orb.
     0 | D:1      | BarneyGumball set off with the following spells memorised:
                  | Foxfire, Scorch, Volatile Blastmotes, Inner Flame, Flame
                  | Wave.
     0 | D:1      | Reached XP level 1. HP: 15/15 MP: 0/0
    92 | D:1      | Reached XP level 2. HP: 19/21 MP: 0/0
   380 | D:1      | Reached XP level 3. HP: 23/25 MP: 0/0
   380 | D:1      | Learned a level 1 spell: Apportation
  1184 | D:2      | Reached XP level 4. HP: 30/31 MP: 0/0
  1526 | D:3      | Noticed a centaur
  1529 | D:3      | Killed a centaur
  1530 | D:3      | Reached skill level 1 in Fighting
  1530 | D:3      | Reached skill level 1 in Armour
  1530 | D:3      | Reached XP level 5. HP: 17/37 MP: 0/0
  1530 | D:3      | Learned a level 2 spell: Ensorcelled Hibernation
  1758 | D:3      | Found a faded altar of an unknown god.
  1772 | D:3      | Prayed at the altar of an unknown god.
  1772 | D:3      | Became a worshipper of the Shining One
  1772 | D:3      | Reached * piety under the Shining One
  1975 | D:3      | Found a bloodstained altar of Trog.
  1985 | D:3      | Noticed Robin
  1991 | D:3      | Killed Robin
  1992 | D:3      | Reached XP level 6. HP: 19/42 MP: 0/0
  2202 | D:3      | Found a sacrificial altar of Ru.
  2267 | D:3      | Found Vugg's Distillery.
  2275 | D:3      | Bought a potion of brilliance for 40 gold pieces
  2275 | D:3      | Bought a potion of heal wounds for 50 gold pieces
  2857 | D:4      | Found Ohu Iffe's Antique Weapon Shop.
  2857 | D:4      | Reached ** piety under the Shining One
  3074 | D:4      | Noticed Natasha
  3079 | D:4      | Killed Natasha
  3091 | D:4      | Reached skill level 1 in Shields
  3091 | D:4      | Reached XP level 7. HP: 34/49 MP: 0/0
  3091 | D:4      | Learned a level 3 spell: Ozocubu's Armour
  3186 | D:4      | Found a white marble altar of Elyvilon.
  3256 | D:4      | Noticed Natasha
  3262 | D:4      | Killed Natasha
  3772 | D:5      | Entered Level 5 of the Dungeon
  3788 | D:4      | Noticed Natasha
  3791 | D:4      | Killed Natasha
  3962 | D:5      | Reached XP level 8. HP: 39/56 MP: 0/0
  3973 | D:5      | Noticed a vampire
  3988 | D:5      | Reached skill level 5 in Spellcasting
  3988 | D:5      | Reached skill level 5 in Conjurations
  3988 | D:5      | Reached skill level 5 in Hexes
  3988 | D:5      | Reached skill level 5 in Summonings
  3988 | D:5      | Reached skill level 5 in Necromancy
  3988 | D:5      | Reached skill level 5 in Translocations
  3988 | D:5      | Reached skill level 5 in Transmutations
  3988 | D:5      | Reached skill level 5 in Fire Magic
  3988 | D:5      | Reached skill level 5 in Ice Magic
  3988 | D:5      | Reached skill level 5 in Air Magic
  3988 | D:5      | Reached skill level 5 in Earth Magic
  3988 | D:5      | Reached skill level 5 in Poison Magic
  4149 | D:5      | Killed a vampire
  4150 | D:5      | Reached skill level 5 in Dodging
  4771 | D:6      | Found a snail-covered altar of Cheibriados.
  5229 | D:6      | Reached XP level 9. HP: 63/63 MP: 0/0
  5229 | D:6      | Learned a level 3 spell: Gell's Gravitas
  5286 | D:6      | Noticed Edmund
  5297 | D:6      | Killed Edmund
  5298 | D:6      | Reached skill level 5 in Fighting
  5500 | D:6      | Found a glowing silver altar of Zin.
  5504 | D:6      | Identified the +3 mace of Resumed Hostilities {vamp, rC+++
                  | Will- Str+5}
  5837 | D:7      | Reached *** piety under the Shining One
  6027 | D:7      | Found a staircase to the Ecumenical Temple.
  6206 | D:8      | Reached XP level 10. HP: 70/70 MP: 0/0
  6216 | D:8      | Noticed Maurice
  6221 | D:8      | Killed Maurice
  6317 | D:8      | Noticed a centaur warrior
  6322 | D:8      | Killed a centaur warrior
  6322 | D:8      | Noticed a boulder beetle
  6322 | D:8      | Noticed Prince Ribbit
  6400 | D:8      | Identified the ring of Lymetebi {Fly rC+ rN+ Str+3 Int-4}
  6406 | D:8      | Found a flagged portal.
  6406 | D:8      | Noticed Maggie
  6419 | D:8      | Killed Maggie
  6509 | D:8      | Killed Prince Ribbit
  6510 | D:8      | Reached skill level 1 in Short Blades
  6514 | D:8      | Noticed Psyche
  6519 | D:8      | Killed Psyche
  6519 | D:8      | Noticed a cyclops
  6526 | D:8      | Killed a cyclops
  6557 | D:8      | Reached XP level 11. HP: 54/75 MP: 0/0
  6557 | D:8      | Learned a level 4 spell: Manifold Assault
  6596 | D:8      | Noticed a brown ugly thing
  6597 | D:8      | Reached skill level 1 in Invocations
  6601 | D:8      | Killed a brown ugly thing
  6602 | D:8      | Noticed a cyan ugly thing
  6611 | D:8      | Killed a cyan ugly thing
  6673 | Bailey   | Entered a bailey
  6857 | Bailey   | Noticed an orc knight
  6874 | Bailey   | Killed an orc knight
  6910 | Bailey   | Noticed an orc warlord
  6955 | Bailey   | Demolished by an orc warlord

Illustrated notes

Levels and vault maps discovered:
D:1:      arrival_zaba_pyramid, layout_basic, chequers_jeans,
          minmay_rat_gold_closets
D:2:      layout_basic, minmay_pentomino_r2
D:3:      layout_loops_corners, mainiacjoe_overflow_catwalk_spiral,
          hellmonk_ecumenical_altar_crossroads, serial_shops, shop,
          minmay_joined_circles, uniq_robin
D:4:      layout_basic, mainiacjoe_overflow_tiny_flanked, serial_shops,
          nicolae_shop_stone, uniq_natasha
D:5:      layout_rooms
D:6:      layout_gridville, general_overflow_altar,
          mainiacjoe_overflow_cross_hatched, kennysheep_flooded_box,
          chequers_arboretum, minmay_increasing_density, uniq_edmund
D:7:      layout_rooms, minmay_temple_entry_mist
D:8:      minmay_the_grid_square_5x5_3x3 [minmay_the_grid_square_5x5_tri_point,
          minmay_the_grid_square_5x5_hourglass,
          minmay_the_grid_square_5x5_minibox, minmay_the_grid_square_5x5_fat_x,
          minmay_the_grid_square_5x5_megaprize_diamond,
          minmay_the_grid_square_5x5_dogpile, minmay_the_grid_square_5x5_tie,
          minmay_the_grid_square_5x5_gyroscope,
          minmay_the_grid_square_5x5_intrusive_squares], layout_rooms,
          enter_bailey_8, uniq_prince_ribbit1, uniq_maurice, uniq_maggie,
          uniq_psyche
Bailey:   bailey_axe_minmay_hex_keep, bailey

Skill      XL: |  1  2  3  4  5  6  7  8  9 10 11 |
---------------+----------------------------------+-----
Spellcasting   | 4 5 6 9 |  9.5
Conjurations   | 4 5 6 9 |  9.5
Hexes          | 4 5 6 9 |  9.5
Summonings     | 4 5 6 9 |  9.5
Necromancy     | 4 5 6 9 |  9.5
Translocations | 4 5 6 9 |  9.5
Transmutations | 4 5 6 9 |  9.5
Fire Magic     | 4 5 6 9 |  9.5
Ice Magic      | 4 5 6 9 |  9.5
Air Magic      | 4 5 6 9 |  9.5
Earth Magic    | 4 5 6 9 |  9.5
Poison Magic   | 4 5 6 9 |  9.5
Fighting       | 1 2 3 4 5 6 |  6.1
Armour         | 1 2 4 |  4.0
Dodging        | 3 4 5 7 8 |  8.0
Shields        | 1 2 4 |  4.0
Short Blades   | 2 |  2.4
Invocations    | 3 |  3.3
Stealth        | |  1.5

Action                     |  1- 3 |  4- 6 |  7- 9 | 10-12 || total
---------------------------+-------+-------+-------+-------++-------
  Melee: Unarmed           |     2 |       |       |       ||     2
         Dagger            |     3 |    14 |       |       ||    17
         Short sword       |       |     7 |     9 |     9 ||    25
         Punch             |       |     1 |       |       ||     1
         Cutlass           |       |       |       |     3 ||     3
   Cast: Foxfire           |    68 |    89 |   167 |   153 ||   477
         Scorch            |     2 |     2 |     2 |     2 ||     8
         Inner Flame       |       |    12 |    37 |    34 ||    83
         Ozocubu's Armour  |       |       |     3 |     4 ||     7
         Flame Wave        |       |       |     1 |       ||     1
         Volatile Blastmot |       |       |     1 |       ||     1
         Gell's Gravitas   |       |       |     1 |       ||     1
         Ensorcelled Hiber |       |       |       |     1 ||     1
    Use: Scroll            |       |     9 |     4 |     2 ||    15
         Potion            |       |       |     1 |       ||     1
   Stab: Sleeping          |     1 |       |       |       ||     1
 Armour: Robe              |     3 |    20 |    34 |       ||    57
         Leather armour    |       |       |     9 |    33 ||    42
         Skin              |       |       |     1 |       ||     1
  Dodge: Dodged            |     6 |    30 |    15 |    17 ||    68
  Block: Buckler           |       |     1 |     3 |     9 ||    13

Table legend: (Time is in decaauts)
 A = Elapsed time spent in this place.
 B = Non-inter-level travel time spent in this place.
 C = Inter-level travel time spent in this place.
 D = Time resting spent in this place.
 E = Time spent auto-exploring this place.
 F = Levels seen in this place.
 G = Mean time per level.
                   A        B        C        D        E       F      G
               +--------+--------+--------+--------+--------+-----+--------+
         Total |   6952 |   6752 |    200 |    704 |   4567 |   9 |  772.4 |
       Dungeon |   6670 |   6470 |    200 |    631 |   4566 |   8 |  833.8 |
        Bailey |    281 |    281 |      0 |     73 |      1 |   1 |  281.0 |
               +--------+--------+--------+--------+--------+-----+--------+

Top non-repeatable levels by time:
     D:3: 1335 daAuts
     D:4: 1102 daAuts
     D:6: 1008 daAuts
     D:1: 950 daAuts
     D:5: 650 daAuts
     D:2: 648 daAuts
     D:8: 517 daAuts
     D:7: 457 daAuts
  Bailey: 281 daAuts
